 Dungeon Crawl Stone Soup version 0.31.0-9-g3a7656b989 (webtiles) character file.

Game seed: 17766960357406408468

1317 Amplified the Trooper (level 8, -7/63 (69) HPs)
             Began as a White Draconian Enchanter on Feb 1, 2024.
             Was an Initiate of Ashenzari.
             Mangled by a wight
             ... wielding a +3 mace
              (11 damage)
             ... on level 6 of the Dungeon.
             The game lasted 00:09:50 (4961 turns).

Amplified the Trooper (White Draconian Enchanter)   Turns: 4961, Time: 00:09:51

HP:   -7/63 (69)    AC:  6    Str: 12    XL:     8   Next: 33%
MP:   11/11         EV: 14    Int: 14    God:    Ashenzari [......]
Gold: 274           SH:  0    Dex: 16    Spells: 11/11 levels left

rFire   . . .        a - +2 whip (freeze)
rCold   + + .        (no shield)
rNeg    . . .        (body armour unavailable)
rPois   .            (helmet restricted)
rElec   .            (no cloak)
rCorr   .            (no gloves)
SInv    .            (no boots)
Will    .....        i - amulet of the Manifest Paranoia {RegenMP, Sorc, Cun} (curse)
Stlth   ++           (no ring)
HPRegen 0.30/turn    (no ring)
MPRegen 0.52/turn

%: no passive effects
@: drained
A: breathe frost, AC +6, unfitting armour, cold resistance 2, cold-blooded,
agile 1, teleportitis 1, inability to read after injury 1
a: Breathe Frost, Renounce Religion, Shatter the Chains


You were on level 6 of the Dungeon.
You worshipped Ashenzari.
Ashenzari was noncommittal.
You visited 2 branches of the dungeon, and saw 7 of its levels.

You collected 274 gold pieces.

Inventory:

Hand Weapons
 a - a +2 whip of freezing (weapon)
 c - a +0 flail
 d - a +4 spectral club
Missiles
 b - 5 poisoned darts (quivered)
Jewellery
 i - the cursed amulet of the Manifest Paranoia (around neck) {RegenMP, Sorc, Cun}
   (You found it on level 2 of the Dungeon)

   [amulet of magic regeneration]

   RegenMP:   It increases your rate of magic regeneration.
   It has a curse which improves the following skills: Sorcery: Conjurations and
   Alchemy.
   Cunning:   Dodging and Stealth.
Talismans
 e - a flux talisman
 g - a maw talisman
Scrolls
 f - a scroll of enchant armour
 h - a scroll of vulnerability
 m - a scroll of fog


   Skills:
 * Level 5.4 Fighting
 - Level 1.0 Short Blades
 * Level 4.8 Maces & Flails
 * Level 4.9(5.3) Dodging
 - Level 2.6(3.0) Stealth
 - Level 2.0 Spellcasting
 - Level 2.6 Hexes
 * Level 4.3 Shapeshifting


You had 11 spell levels left.
You didn't know any spells.
Your spell library contained the following spells:

 Spells                   Type           Power      Damage    Failure   Level
 Ensorcelled Hibernation  Hex/Ice        10%        N/A       21%         2
 Confusing Touch          Hex            8%         N/A       24%         3
 Tukima's Dance           Hex            8%         N/A       24%         3
 Call Imp                 Summ           2%         N/A       34%         2
 Sublimation of Blood     Necr           1%         N/A       34%         2
 Dazzling Flash           Conj/Hex       10%        N/A       38%         3
 Frozen Ramparts          Ice            2%         1d1       56%         3
 Leda's Liquefaction      Alch/Erth      0%         N/A       93%         4
 Petrify                  Alch/Erth      1%         N/A       93%         4
 Metabolic Englaciation   Hex/Ice        2%         N/A       98%         5
 Summon Hydra             Summ           0%         N/A       100%        7


Dungeon Overview and Level Annotations

Branches:
Dungeon (6/15)             Temple (1/1) D:5

Altars:
Ashenzari
Cheibriados
Elyvilon
Gozag
Hepliaklqana
Kikubaaqudgha
Makhleb
Nemelex Xobeh
Okawaru
Qazlal
Sif Muna
Trog
Uskayaw
Vehumet
Wu Jian
Yredelemnul
Zin


Innate Abilities, Weirdness & Mutations

You can breathe waves of freezing cold which knock back foes.
Your icy white scales are hard. (AC +6)
You cannot fit into any form of body armour.
Your flesh is very cold resistant. (rC++)
You are cold-blooded and may be slowed by cold attacks.
You are agile. (Dex +4, Str/Int -1)
You are occasionally teleported next to monsters.
You occasionally lose the ability to read scrolls when taking damage.


Message History

2 wights come into view.
A wight comes into view. It is wielding a +0 halberd.
The jelly quivers.
Okay, then.
You hit the wight but do no damage.
Unknown command.
You hit the wight.
The wight is lightly damaged.
The wight closely misses you.
You hit the wight.
The wight is moderately damaged.
Unknown command.
The wight barely misses you.
You hit the wight but do no damage.
The wight is moderately damaged.
The wight hits you with a +3 mace!
You feel drained. The wight barely misses you.
Unknown command.
The wight attacks as it pursues you! The wight closely misses you.
The wight attacks as it pursues you! The wight completely misses you.
The wight attacks as it pursues you! The wight hits you with a +3 mace!
The wight attacks as it pursues you! The wight hits you with a +3 scimitar.
The wight attacks as it pursues you! The wight hits you with a +3 scimitar!
You feel drained. The wight attacks as it pursues you!
The wight barely misses you.
There is an open door here.
The wight attacks as it pursues you! The wight hits you with a +3 mace!
You feel drained.
Okay, then.
You aren't carrying any potions.
Unknown command.
The wight hits you with a +3 scimitar!
* * * LOW HITPOINT WARNING * * *
Unknown command.
Okay, then.
The wight attacks as it pursues you! The wight hits you with a +3 mace!
* * * LOW HITPOINT WARNING * * *
There is a stone staircase leading up, spattered with blood here.
The wight hits you with a +3 mace!
You die...

.....#.#............# .
##.##.....<........# ..
....#............#
##.###.##............#
.....................#
............J........#
.....................#
........##J#######'####
......[.#.o.z@#.......#
###.....#...z.#.......#
+.....#.....#.......#
#.....#.....'.......#
#######....##.......#
#....##########
.......# .......#
.......#


You could see a jelly, 2 wights and an orc.

Vanquished Creatures
  Pikel (D:5)
  Sigmund (D:4)
  A black bear (D:5)
  A lemure (D:5)
  A scorpion (D:5)
  A howler monkey (D:5)
  2 jellies (D:5)
  An orc priest (D:5)
  2 bombardier beetles
  A hound (D:5)
  Jessica (D:3)
  Ijyb (D:3)
  2 iguanas
  An orc wizard (D:4)
  Robin (D:3)
  7 gnolls
  3 adders
  2 dart slugs
  13 orcs
  10 ball pythons
  3 endoplasms
  6 giant cockroaches
  14 goblins
  6 hobgoblins
  5 kobolds
  4 quokkas
  8 bats
  2 frilled lizards (D:3)
  4 rats
105 creatures vanquished.

Vanquished Creatures (others)
  An orc wizard (D:5)
1 creature vanquished.

Grand Total: 106 creatures vanquished

Notes
Turn   | Place    | Note
-------+----------+-------------------------------------------
     0 | D:1      | Amplified the Draconian Enchanter began the quest for the
                  | Orb.
     0 | D:1      | Reached XP level 1. HP: 14/14 MP: 3/3
   435 | D:1      | Reached XP level 2. HP: 22/22 MP: 5/5
   457 | D:1      | Reached skill level 1 in Fighting
   740 | D:2      | Reached skill level 1 in Maces & Flails
   856 | D:2      | Reached XP level 3. HP: 28/28 MP: 6/6
   874 | D:2      | Reached skill level 1 in Shapeshifting
  1182 | D:3      | Noticed Robin
  1302 | D:3      | Reached XP level 4. HP: 36/36 MP: 7/7
  1318 | D:3      | Killed Robin
  1319 | D:3      | Reached skill level 2 in Fighting
  1510 | D:3      | Noticed Ijyb
  1525 | D:3      | Killed Ijyb
  1605 | D:3      | Reached XP level 5. HP: 42/42 MP: 8/8
  1608 | D:3      | Noticed Jessica
  1610 | D:3      | Killed Jessica
  2008 | D:4      | Reached skill level 3 in Fighting
  2305 | D:4      | Noticed Sigmund
  2515 | D:4      | Reached XP level 6. HP: 39/51 MP: 9/9
  3066 | D:5      | Entered Level 5 of the Dungeon
  3396 | D:5      | Found a staircase to the Ecumenical Temple.
  3407 | Temple   | Entered the Ecumenical Temple
  3414 | Temple   | Became a worshipper of Ashenzari the Shackled
  3992 | D:5      | Reached skill level 4 in Fighting
  3992 | D:5      | Your scales start taking on an icy white colour.
  3992 | D:5      | Reached XP level 7. HP: 49/59 MP: 10/10
  3992 | D:5      | Gained mutation: Your flesh is cold resistant. (rC+) [White
                  | Draconian growth]
  4006 | D:5      | Noticed Pikel
  4055 | D:4      | Killed Sigmund
  4528 | D:5      | Gained mutation: You are occasionally teleported next to
                  | monsters. [potion of mutation]
  4528 | D:5      | Gained mutation: You occasionally lose the ability to read
                  | scrolls when taking damage. [potion of mutation]
  4528 | D:5      | Gained mutation: Your flesh is very cold resistant. (rC++)
                  | [potion of mutation]
  4528 | D:5      | Gained mutation: You are agile. (Dex +4, Str/Int -1)
                  | [potion of mutation]
  4538 | D:5      | Killed Pikel
  4539 | D:5      | Reached skill level 5 in Fighting
  4539 | D:5      | Reached XP level 8. HP: 9/68 MP: 11/11
  4961 | D:6      | Mangled by a wight

Illustrated notes

Levels and vault maps discovered:
D:1:      arrival_zaba_pyramid, layout_basic
D:2:      layout_rooms
D:3:      layout_rooms, uniq_jessica, uniq_robin, uniq_ijyb
D:4:      layout_loops_corners, corexii_shack, uniq_sigmund
D:5:      layout_basic, minmay_temple_entry_statues_pillars, uniq_pikel
D:6:      layout_gridville, serial_shops, nicolae_shop_pleasant_corner_grove,
          nicolae_concentric_dashed_squares_mild, chequers_arboretum,
          minmay_manual_mail
Temple:   sentei_temple_godly_chess

Skill      XL: |  1  2  3  4  5  6  7 |
---------------+----------------------+-----
Dodging        | 2 3 4 |  4.9
Fighting       | 1 2 3 4 5 |  5.4
Maces & Flails | 1 2 3 4 |  4.8
Shapeshifting  | 1 2 3 4 |  4.3
Short Blades   | |  1.0
Stealth        | |  2.6
Spellcasting   | |  2.0
Hexes          | |  2.6

Action                     |  1- 3 |  4- 6 |  7- 9 || total
---------------------------+-------+-------+-------++-------
  Melee: Flail             |   143 |    15 |       ||   158
         Tailslap          |    12 |    19 |     5 ||    36
         Dagger            |     1 |       |       ||     1
         Club              |       |   143 |    78 ||   221
         Punch             |       |       |     1 ||     1
         Whip              |       |       |     4 ||     4
  Throw: Dart              |       |     7 |     7 ||    14
 Invoke: Curse Item        |       |       |     1 ||     1
Ability: Breathe Frost     |       |       |     3 ||     3
  Evoke: Wand              |       |     5 |       ||     5
    Use: Scroll            |     4 |     8 |       ||    12
         Potion            |     3 |     5 |     9 ||    17
   Stab: Sleeping          |     6 |     3 |       ||     9
         Invisible         |     1 |     3 |       ||     4
 Armour: Skin              |    81 |   131 |    61 ||   273
  Dodge: Dodged            |   105 |    82 |    37 ||   224
